 Dungeon Crawl Stone Soup version 0.31-a0-1616-gbeaec30b81 (webtiles) character file.

Game seed: 11607035121883373547

208 shadizar the Trooper (level 5, -1/35 HPs)
             Began as a Gargoyle Fighter on Jan 10, 2024.
             Killed from afar by an orc wizard (7 damage)
             ... with a puff of flame
             ... on level 3 of the Dungeon.
             The game lasted 00:03:32 (2386 turns).

shadizar the Trooper (Gargoyle Fighter)             Turns: 2386, Time: 00:03:33

Health: -1/35      AC: 12    Str: 21    XL:     5   Next: 86%
Magic:  5/5        EV:  9    Int:  9    God:
Gold:   91         SH:  4    Dex:  9    Spells: 4/4 levels left

rFire   . . .        a - +0 flail
rCold   . . .        c - +0 buckler
rNeg    + . .        b - +0 scale mail
rPois   ∞            e - +0 helmet
rElec   +            (no cloak)
rCorr   .            (no gloves)
SInv    .            (no boots)
Will    .....        (no amulet) Stlth
                     (no ring)
HPRegen 0.25/turn    (no ring)
MPRegen 0.09/turn

%: no passive effects
@: no status effects
A: sickness immunity, AC +4, negative energy resistance 1, electricity
resistance, torment resistance 1, petrification resistance
a: no special abilities


You were on level 3 of the Dungeon.
You visited 1 branch of the dungeon, and saw 3 of its levels.

You collected 91 gold pieces.

Inventory:

Hand Weapons
 a - a +0 flail (weapon)
Armour
 b - a +0 scale mail (worn)
 c - a +0 buckler (worn)
 e - a +0 helmet (worn)
Scrolls
 f - a scroll of acquirement {unknown}
 g - 2 scrolls of teleportation {unknown}
 h - a scroll of butterflies {unknown}
 i - 2 scrolls of identify {unknown}
 j - a scroll of torment {unknown}
 k - a scroll of poison {unknown}
 l - a scroll of fog {unknown}
 m - a scroll of enchant weapon {unknown}
 n - a scroll of blinking {unknown}
Potions
 d - a potion of might


   Skills:
 * Level 5.1 Fighting
 + Level 3.1 Maces & Flails
 + Level 4.2 Armour
 + Level 4.3 Shields


You had 4 spell levels left.
You didn't know any spells.
Your spell library contained the following spells:

 Spells                   Type           Power      Damage    Failure   Level
 Necrotise                Necr           0%         1d4       78%         1
 Static Discharge         Conj/Air       0%         3-3/arc   89%         2
 Vampiric Draining        Necr           0%         2d6       98%         3
 Airstrike                Air            0%         2d(0-16)  100%        4
 Martyr's Knell           Necr/Summ      0%         N/A       100%        4
 Summon Lightning Spire   Summ/Air       0%         N/A       100%        4
 Curse of Agony           Necr           0%         N/A       100%        5


Dungeon Overview and Level Annotations

Branches:
Dungeon (3/15)

Altars:
Sif Muna


Innate Abilities, Weirdness & Mutations

You are immune to sickness and miasma.
Your stone body is resilient. (AC +4)
You are immune to poison.
You resist negative energy. (rN+)
You are resistant to electric shocks. (rElec)
You are resistant to unholy torment.
You are immune to petrification.


Message History

The orc hits you with a +0 club. Something hits you but does no damage.
The orc hits you with a +0 whip.
You sock something! The orc barely misses you.
The orc hits you but does no damage.
You hear some strange, mumbled words.
A puff of flame appears from out of thin air!
The puff of flame hits you!
* * * LOW HITPOINT WARNING * * *
The orc hits you but does no damage. You block the orc's attack.
Something hits you but does no damage. The orc hits you but does no damage.
Unknown command.
You are too injured to fight recklessly!
You closely miss the orc.
The orc is heavily wounded.
The orc hits you but does no damage. x2; You block the orc's attack.
You hear some strange, mumbled words.
A magic dart appears from out of thin air!
The magic dart hits you.
* * * LOW HITPOINT WARNING * * *
Unknown command.
Unknown command.
Unknown command.
You barely miss the orc.
The orc is heavily wounded.
The orc barely misses you. The orc hits you but does no damage. x2
Something hits you but does no damage. The orc hits you with a +0 whip.
* * * LOW HITPOINT WARNING * * *
Unknown command.
Unknown command.
Unknown command.
Unknown command.
Unknown command.
Unknown command.
You barely miss the orc.
The orc is heavily wounded.
The orc hits you but does no damage. You block the orc's attack.
You hear some strange, mumbled words.
A puff of flame appears from out of thin air!
The puff of flame hits you!
You die...

# ##.# #########.# #......##
# #..# #.# #.###.... # #.##
########.###.# #..##
###.##########..<.........#
#(.##
............##.######.#####
#....
###.#######.##.###....####
#.###
#.#######.##...........# #.#
#............###)#####.####.#
#..######.##.#@o.........##.#
...# #.##.{oo.#####.#.##.###
..#######.####.#.# #...##....
...........###.#.# ###.######
..............#.# #.#
########........# ### #.#
########.######.###.###.#
#........# #.##.#.##.######
#....>...# #.#.#....#......


You could see 3 orcs.

Vanquished Creatures
  A phantom (D:3)
  6 adders
  3 ribbon worms
  A dart slug (D:2)
  2 orcs (D:2)
  6 ball pythons
  8 endoplasms
  2 giant cockroaches (D:1)
  4 goblins
  4 hobgoblins (D:1)
  3 quokkas
  8 bats
  4 frilled lizards
  8 kobolds
  6 rats
66 creatures vanquished.

Notes
Turn   | Place    | Note
-------+----------+-------------------------------------------
     0 | D:1      | shadizar the Gargoyle Fighter began the quest for the Orb.
     0 | D:1      | Reached XP level 1. HP: 14/14 MP: 1/1
    47 | D:1      | Reached XP level 2. HP: 8/19 MP: 2/2
   324 | D:1      | Reached XP level 3. HP: 24/24 MP: 3/3
   606 | D:2      | Found a shimmering blue altar of Sif Muna.
   632 | D:1      | Reached skill level 4 in Fighting
   872 | D:2      | Reached XP level 4. HP: 28/29 MP: 4/4
  1692 | D:3      | Noticed a phantom
  1728 | D:3      | Killed a phantom
  1729 | D:3      | Reached XP level 5. HP: 12/34 MP: 5/5
  1854 | D:3      | Reached skill level 5 in Fighting
  2386 | D:3      | Killed from afar by an orc wizard

Illustrated notes

Levels and vault maps discovered:
D:1:      ncdulo_watergridlock, layout_rooms, minmay_distorted
D:2:      layout_basic, serial_forest, infiniplex_forest_end_2,
          infiniplex_forest_lined_room_, infiniplex_forest_straight_5,
          infiniplex_forest_side_room, infiniplex_forest_straight_4,
          infiniplex_forest_straight_4, infiniplex_forest_straight_3,
          infiniplex_forest_lined_3, infiniplex_forest_zigzag_1, basic_altar,
          hangedman_glass_teeth, chequers_serial_rivers_small_3
D:3:      layout_loops_ring, dreamdust_mushroom_princess, minmay_misc_feat_cross

Skill      XL: |  1  2  3  4  5 |
---------------+----------------+-----
Fighting       | 4 5 |  5.1
Shields        | 4 |  4.3
Maces & Flails | 3 |  3.1
Armour         | 4 |  4.2

Action                     |  1- 3 |  4- 6 || total
---------------------------+-------+-------++-------
  Melee: Flail             |   136 |   172 ||   308
   Stab: Distracted        |     1 |       ||     1
 Armour: Scale mail        |   142 |   175 ||   317
  Dodge: Dodged            |    88 |    77 ||   165
  Block: Buckler           |    33 |    41 ||    74

Table legend: (Time is in decaauts)
 A = Elapsed time spent in this place.
 B = Non-inter-level travel time spent in this place.
 C = Inter-level travel time spent in this place.
 D = Time resting spent in this place.
 E = Time spent auto-exploring this place.
 F = Levels seen in this place.
 G = Mean time per level.
                   A        B        C        D        E       F      G
               +--------+--------+--------+--------+--------+-----+--------+
         Total |   2486 |   2443 |     43 |      0 |   1742 |   3 |  828.7 |
       Dungeon |   2486 |   2443 |     43 |      0 |   1742 |   3 |  828.7 |
               +--------+--------+--------+--------+--------+-----+--------+

Top non-repeatable levels by time:
     D:2: 986 daAuts
     D:3: 805 daAuts
     D:1: 694 daAuts
